 Dungeon Crawl Stone Soup version 0.27.1-34-g3ba077fa99 (webtiles) character file.

Game seed: 1745903245941982215

9156 Delamore the Covert (level 11, 0/71 HPs)
             Began as an Octopode Brigand on Feb 10, 2022.
             Slain by a centaur warrior (9 damage)
             ... on level 9 of the Dungeon.
             The game lasted 00:13:33 (13639 turns).

Delamore the Covert (Octopode Brigand)             Turns: 13639, Time: 00:13:34

Health: 0/71       AC:  1    Str: 11    XL:     11   Next: 42%
Magic:  11/11      EV: 15    Int: 13    God:
Gold:   556        SH:  5    Dex: 17    Spells: 10/10 levels left

rFire    . . .     SeeInvis +   d - +5 dagger (elec)
rCold    . . .     Faith    .   o - +0 buckler
rNeg     + . .     Spirit   .   (helmet restricted)
rPois    .         Reflect  .   (no amulet)
rElec    .         Harm     .   f - ring of wizardry
rCorr    .         Rampage  .   j - ring of see invisible
Will     .....                  y - ring of positive energy
Stlth    +++++++...             (no ring)
HPRegen  0.21/turn              (no ring)
MPRegen  0.12/turn              (no ring)
                                (no ring)
                                (no ring)

@: about to teleport
A: almost no armour, amphibious, 8 rings, camouflage 1, gelatinous body 1,
(nimble swimmer 1), tentacles
a: no special abilities


You were on level 9 of the Dungeon.
You visited 2 branches of the dungeon, and saw 10 of its levels.
You also visited: Ossuary.

You collected 556 gold pieces.

Inventory:

Hand Weapons
 a - a +2 dagger
 d - a +5 dagger of electrocution (weapon)
 x - a +2 short sword
Missiles
 b - 25 poisoned darts (quivered)
 c - 2 curare-tipped darts
 u - 2 atropa-tipped darts
 E - 5 boomerangs
Armour
 o - a +0 buckler (worn)
Jewellery
 f - a ring of wizardry (left tentacle)
 j - a ring of see invisible (right tentacle)
 y - a ring of positive energy (on tentacle)
Wands
 F - a wand of iceblast (3)
Scrolls
 m - 2 scrolls of enchant armour
 n - 9 scrolls of noise
 p - a scroll of teleportation
 q - a scroll of enchant weapon
 r - 3 scrolls of fog
 t - 2 scrolls of identify
 w - 3 scrolls of immolation
Potions
 e - 2 potions of flight {unknown}
 g - 2 potions of invisibility {unknown}
 h - 2 potions of haste {unknown}
 i - a potion of cancellation {unknown}
 k - 3 potions of berserk rage
 l - 3 potions of curing {unknown}
 s - a potion of magic {unknown}
 v - a potion of lignification {unknown}
 A - 5 potions of might
 C - 2 potions of mutation
 G - a potion of brilliance {unknown}
Miscellaneous
 z - a phantom mirror


   Skills:
 - Level 5.0 Fighting
 - Level 10.0 Short Blades
 - Level 5.0 Throwing
 - Level 5.0 Dodging
 + Level 13.4 Stealth
 - Level 4.0 Shields
 + Level 7.4 Evocations


You had 10 spell levels left.
You didn't know any spells.
Your spell library contained the following spells:

 Spells                   Type           Power      Damage    Failure   Level
 Corona                   Hex            0%         N/A       12%         1
 Summon Small Mammal      Summ           0%         N/A       12%         1
 Ensorcelled Hibernation  Hex/Ice        0%         N/A       19%         2
 Call Canine Familiar     Summ           0%         N/A       34%         3
 Gell's Gravitas          Tloc           0%         N/A       34%         3
 Summon Guardian Golem    Hex/Summ       0%         N/A       34%         3
 Teleport Other           Tloc           0%         N/A       34%         3
 Tukima's Dance           Hex            0%         N/A       34%         3
 Animate Dead             Necr           0%         N/A       73%         4
 Alistair's Intoxication  Tmut/Pois      0%         N/A       96%         5
 Borgnjor's Vile Clutch   Necr/Erth      0%         N/A       96%         5
 Dispersal                Tloc           0%         N/A       100%        6
 Eringya's Noxious Bog    Tmut/Pois      0%         N/A       100%        6
 Haunt                    Necr/Summ      0%         N/A       100%        7
 Infestation              Necr           0%         N/A       100%        8


Dungeon Overview and Level Annotations

Branches:
Dungeon (9/15)             Temple (1/1) D:4            Lair (0/6) D:9
Ossuary (visited)
    Orc: D:9-12

Altars:
Dithmenos
Fedhas
Hepliaklqana
Kikubaaqudgha
Makhleb
Qazlal
Sif Muna
Trog
Uskayaw
Vehumet
Wu Jian
Xom
Zin

Shops:
D:7 :


Innate Abilities, Weirdness & Mutations

You cannot wear most types of armour.
You are amphibious.
You can wear up to eight rings at the same time.
Your skin changes colour to match your surroundings (Stealth+).
Your rubbery body absorbs attacks. (AC +1, EV +1)
((You are camouflaged near water. (Stealth+)))
You have tentacles for arms and can constrict up to eight enemies at once.


Message History

A deep elf pyromancer and a centaur warrior come into view.
Found 15 bolts.
There are monsters nearby!
There is an open door here.
The centaur warrior shouts!
The centaur warrior wields a +0 longbow.
The centaur warrior shoots an arrow.
The arrow hits you!!
The centaur warrior unwields a +0 longbow.
The centaur warrior closely misses you. The centaur warrior barely misses you.
The centaur warrior hits you! The centaur warrior kicks you.
You are too injured to fight recklessly!
You hit the centaur warrior.
The centaur warrior is lightly wounded.
You hit the centaur warrior. You squeeze the centaur warrior.
The centaur warrior is lightly wounded.
You block the centaur warrior's attack. The centaur warrior kicks you.
You hit the centaur warrior.
The centaur warrior is moderately wounded.
The centaur warrior hits you!
* * * LOW HITPOINT WARNING * * *
The centaur warrior kicks you.
* * * LOW HITPOINT WARNING * * *
You closely miss the centaur warrior.
The centaur warrior is moderately wounded.
You block the centaur warrior's attack.
The centaur warrior kicks you but does no damage.
You hit the centaur warrior but do no damage.
The centaur warrior is moderately wounded.
You hit the centaur warrior.
You squeeze the centaur warrior, but do no damage.
The centaur warrior is moderately wounded.
You block the centaur warrior's attack. The centaur warrior closely misses you.
As you read the scroll of teleportation, it crumbles to dust.
You feel strangely unstable.
The centaur warrior completely misses you.
The centaur warrior kicks you.
* * * LOW HITPOINT WARNING * * *
The deep elf pyromancer barely misses you.
The centaur warrior hits you!
You die...

#.##.#.#.#.[.#.#.###..#.
#.......#####.#.#####...
#.####...##.#.#.#.###.#.
#..##.####..##.##..#.##.
#.........#.#.#.........
....###'###.#.#.#.#######.
#...#P...P#..#)...#.....#.
.#.#.###e#....##.#.###)#.
########.#.#.#(#@#.#####.'.#.')#.
...........#.#+#c#(..#.#.#.###.#.
#)######.#.#P...P#.#.##..#.....#.
#.# #.#.#######.###.#.#######.
#)# #.#.......................
#)# #.#.....#..##..###...#####
#)### #.#.###.##.##..# #........
....####...# #.<......# #.#.#####
......####.###.##.###.###.#.#


You could see a centaur warrior and a deep elf pyromancer.

Vanquished Creatures
  A centaur warrior (D:9)
  A two-headed ogre (D:8)
  Pikel (D:7)
  2 deep elf pyromancers (D:9)
  An ugly thing (D:9)
  2 trolls
  A slime creature (D:9)
  A wraith (D:9)
  A basilisk (D:9)
  2 wyverns (D:9)
  Menkaure (D:7)
  4 steam dragons
  Duvessa (D:5)
  3 water moccasins
  4 orc warriors
  5 sky beasts
  5 centaurs
  2 phantoms (D:6)
  A lemure (D:7)
  3 bullfrogs
  A scorpion (D:5)
  Dowan (D:5)
  A wyvern zombie (D:8)
  A gnoll sergeant (D:5)
  4 killer bees (D:8)
  3 howler monkeys
  10 wights
  2 electric eels (D:6)
  2 centaur zombies (D:9)
  A crimson imp (D:8)
  A human zombie (Ossuary)
  6 orc priests
  2 hounds
  2 jellies
  2 centaur skeletons
  3 gnoll shamans
  5 iguanas
  A scorpion zombie (D:5)
  8 orc wizards
  A killer bee zombie (D:5)
  5 mummies
  Robin (D:2)
  A howler monkey zombie (D:8)
  17 gnolls
  5 adders
  A howler monkey skeleton (D:6)
  3 white imps
  An ufetubus (D:6)
  4 worms
  7 dart slugs
  32 orcs
  9 ball pythons
  5 bats
  7 endoplasms
  7 giant cockroaches
  A gnoll zombie (Ossuary)
  11 goblins
  8 hobgoblins
  4 jackals (D:1)
  5 quokkas
  5 frilled lizards
  A goblin zombie (Ossuary)
  A hobgoblin zombie (Ossuary)
  6 kobolds
  2 kobold zombies (Ossuary)
  2 orc zombies (Ossuary)
  11 rats
261 creatures vanquished.

Vanquished Creatures (others)
  7 fungi
  13 plants
20 creatures vanquished.

Grand Total: 281 creatures vanquished

Notes
Turn   | Place    | Note
-------+----------+-------------------------------------------
     0 | D:1      | Delamore the Octopode Brigand began the quest for the Orb.
     0 | D:1      | Reached XP level 1. HP: 14/14 MP: 1/1
    43 | D:1      | Reached XP level 2. HP: 11/19 MP: 2/2
   326 | D:1      | Reached skill level 6 in Stealth
   670 | D:1      | Reached XP level 3. HP: 24/24 MP: 3/3
  1660 | D:2      | Reached XP level 4. HP: 29/29 MP: 4/4
  1707 | D:2      | Reached skill level 7 in Stealth
  2001 | D:2      | Noticed Robin
  2010 | D:2      | HP: 1/29 [goblin[Robin] (3)]
  2029 | D:2      | Killed Robin
  2734 | D:3      | Reached XP level 5. HP: 34/34 MP: 5/5
  2761 | D:3      | Reached skill level 8 in Stealth
  2971 | D:3      | Found a faded altar of an unknown god.
  3563 | D:4      | Reached XP level 6. HP: 39/39 MP: 6/6
  3568 | D:4      | Reached skill level 9 in Stealth
  3876 | D:4      | Found a staircase to the Ecumenical Temple.
  3884 | Temple   | Entered the Ecumenical Temple
  4398 | D:5      | Entered Level 5 of the Dungeon
  4428 | D:5      | Reached skill level 1 in Shields
  4438 | D:4      | Reached XP level 7. HP: 15/45 MP: 7/7
  4751 | D:5      | Noticed a steam dragon
  4933 | D:5      | Noticed Dowan
  4935 | D:5      | Noticed Duvessa
  4938 | D:5      | Killed Duvessa
  4939 | D:5      | Reached skill level 10 in Stealth
  4946 | D:5      | Killed Dowan
  4947 | D:5      | Reached skill level 5 in Short Blades
  5109 | D:5      | Killed a steam dragon
  5327 | D:5      | Noticed a moth of wrath
  5330 | D:5      | Found a bloodstained altar of Trog.
  5530 | D:5      | Reached XP level 8. HP: 50/50 MP: 8/8
  6392 | D:5      | Identified the +5 scimitar of Harmony {flame, Dex+4}
  6438 | D:6      | HP: 1/50 [white imp/puff of frost (8)]
  6865 | D:6      | Found a sand-covered staircase.
  6873 | Ossuary  | Entered an ossuary
  7495 | D:6      | Reached XP level 9. HP: 54/54 MP: 9/9
  8173 | D:7      | Reached skill level 10 in Short Blades
  8499 | D:7      | Noticed Menkaure
  8505 | D:7      | Killed Menkaure
  8553 | D:7      | HP: 1/56 [orc warrior (15)]
  8878 | D:7      | Found Zoih Eku's Book Boutique.
  9094 | D:7      | Reached XP level 10. HP: 63/63 MP: 10/10
  9148 | D:7      | Noticed Pikel
  9157 | D:7      | Killed Pikel
  9628 | D:8      | Reached skill level 5 in Fighting
  9628 | D:8      | Reached skill level 5 in Throwing
  9775 | D:8      | Reached skill level 5 in Dodging
  9781 | D:8      | Reached skill level 1 in Evocations
  9813 | D:8      | Found a burning altar of Makhleb.
  9813 | D:8      | Found a radiant altar of Vehumet.
 10678 | D:8      | Noticed a two-headed ogre
 10685 | D:8      | Killed a two-headed ogre
 10686 | D:8      | Reached skill level 11 in Stealth
 12134 | D:9      | Reached skill level 5 in Evocations
 12398 | D:9      | Reached skill level 12 in Stealth
 12398 | D:9      | Reached XP level 11. HP: 38/71 MP: 11/11
 12556 | D:9      | Found a hazy altar of Hepliaklqana.
 12576 | D:9      | Noticed a centaur warrior
 12576 | D:9      | Noticed a green ugly thing
 12576 | D:9      | Noticed a deep elf pyromancer
 12582 | D:9      | Killed a centaur warrior
 12585 | D:9      | Killed a green ugly thing
 12591 | D:9      | Killed a deep elf pyromancer
 12713 | D:9      | Noticed a deep elf pyromancer
 12724 | D:9      | HP: 3/71 [centaur (10)]
 12724 | D:9      | HP: 1/71 [centaur (2)]
 12743 | D:9      | Killed a deep elf pyromancer
 12744 | D:9      | Reached skill level 13 in Stealth
 13079 | D:9      | Found a staircase to the Lair.
 13628 | D:9      | Noticed a centaur warrior
 13628 | D:9      | Noticed a deep elf pyromancer
 13639 | D:9      | Slain by a centaur warrior

Illustrated notes

Levels and vault maps discovered:
D:1:      dpeg_arrival_rooms_c, layout_loops_cross, minmay_worlds_worst_comb
D:2:      layout_basic, uniq_robin
D:3:      layout_loops_corners, shapermc_ecumenical_altar_notcrosses
D:4:      layout_rooms, minmay_temple_entry_gardened_gates
D:5:      layout_basic, tgw_trog, serial_aquarium, aquarium_bridge_square
          [aquarium_subvault_window, aquarium_subvault_bridge,
          aquarium_subvault_window, aquarium_subvault_balcony],
          aquarium_bridge_straight [aquarium_subvault_bridge,
          aquarium_subvault_wall, aquarium_subvault_bridge,
          aquarium_subvault_wall], aquarium_window_2, aquarium_window_fake,
          aquarium_view_2c, aquarium_view_2d, aquarium_pool_2, uniq_duvessa
D:6:      wad_river_or_something, layout_basic, gup_ossuary_entry_pyramid
D:7:      layout_loops_ring, serial_shops, nicolae_shop_crystal,
          hangedman_misty_isle, uniq_menkaure, uniq_pikel
D:8:      layout_loops_corners, grunt_temple_overflow_lords_of_destruction
D:9:      layout_loops_ring, overflow_temple_1_default,
          mainiacjoe_overflow_alcove_3, chequers_temple_overflow_minitemple,
          david_lair_generic, hiddenorc1_lemuel, serial_shops,
          nicolae_lakefront_shop, minmay_shattered_shrine
Temple:   jpeg_temple_island

Skill      XL: |  1  2  3  4  5  6  7  8  9 10 11 |
---------------+----------------------------------+-----
Stealth        | 6 7 8 9 10 12 13 | 13.4
Short Blades   | 3 4 5 8 10 | 10.0
Shields        | 1 3 4 |  4.0
Dodging        | 3 5 |  5.0
Fighting       | 4 5 |  5.0
Throwing       | 4 5 |  5.0
Evocations     | 5 7 |  7.4

Action                   |  1- 3 |  4- 6 |  7- 9 | 10-12 || total
-------------------------+-------+-------+-------+-------++-------
Melee: Dagger            |    82 |   103 |   205 |   190 ||   580
       Constrict         |    21 |    20 |    38 |    28 ||   107
       Tentacles         |    15 |    12 |    31 |    49 ||   107
Throw: Dart              |       |     7 |       |       ||     7
Evoke: Wand              |       |       |       |     1 ||     1
  Use: Potion            |       |     4 |     2 |     1 ||     7
       Scroll            |       |     4 |     4 |     8 ||    16
 Stab: Sleeping          |    11 |    15 |    31 |    16 ||    73
       Distracted        |       |     2 |     1 |       ||     3
Armor: Skin              |     6 |     7 |     6 |     5 ||    24
Dodge: Dodged            |    34 |    60 |    55 |    98 ||   247
Block: Buckler           |       |     2 |    28 |    42 ||    72
